WCHLSIM.com - West Coast Hockey League
html PUBLIC "-//W3C//DTD XHTML 1.0 Transitional//EN" "http://www.w3.org/TR/xhtml1/DTD/xhtml1-transitional.dtd"> WCHL - Game 866 - PHOENIX MUSTANGS vs CALGARY FIREMEN

PHOENIX MUSTANGS vs CALGARY FIREMEN

Created - 27 mars 2021 at 22:06

Goals
1 2 3 T
PHOENIX MUSTANGS 0 0 4 4
CALGARY FIREMEN 1 0 2 3
Shots
1 2 3 T
PHOENIX MUSTANGS 7 7 16 30
CALGARY FIREMEN 12 14 15 41

1st period

1. CALGARY FIREMEN , Ryan Johansen 20 (Brendan Gallagher 38) at 9:11 (PP)

Penalties :
Joshua Jacobs (PHX) for Boarding (Minor) at 9:01, Jake McCabe (CGY) for Holding (Minor) at 10:10, Filip Forsberg (CGY) for Roughing (Minor) at 13:41, Kevin Hayes (PHX) for Hooking (Minor) at 16:47

2nd period

No Goal

Penalties :
Calvin De Haan (PHX) for Hooking (Minor) at 9:37

3rd period

2. PHOENIX MUSTANGS , Calvin De Haan 2 (T.J. Oshie 27, Christian Dvorak 20) at 1:02
3. PHOENIX MUSTANGS , T.J. Oshie 24 (Christian Dvorak 21) at 1:11
4. PHOENIX MUSTANGS , Clayton Keller 16 (Kevin Hayes 24, Jesper Fast 23) at 2:59
5. CALGARY FIREMEN , Brendan Gallagher 38 (Oskar Lindblom 26, Ryan Johansen 46) at 3:18
6. CALGARY FIREMEN , Brendan Gallagher 39 (Oskar Lindblom 27, Ryan Johansen 47) at 12:59
7. PHOENIX MUSTANGS , Andrew Copp 16 (Teuvo Teravainen 33, T.J. Oshie 28) at 18:08

Penalties :
Markus Nutivaara (CGY) for Hooking (Minor) at 0:28, Kevin Hayes (PHX) for High sticking (Minor) at 0:28, Calvin De Haan (PHX) for Hooking (Minor) at 6:37

Goalie Stats

Corey Crawford (PHX), 38 saves from 41 shots - (0,927), W, 18-15-3, 60:00 minutes
Vitek Vanecek (CGY), 26 saves from 30 shots - (0,867), L, 3-8-0, 60:00 minutes

Players Stats for PHOENIX MUSTANGS

Player Name              G  A  P  +/- PIM S  H  SB GA TA FO     MP     PP MP  PK MP  
------------------------------------------------------------------------------------
Alexander Steen          0  0  0   0  0   5  0  3  0  0  1/1    18:39   2:20   0:46 
Andrew Copp              1  0  1  -1  0   2  0  1  0  0  9/19   18:07   0:00   0:05 
Calvin De Haan           1  0  1   2  4   1  3  0  0  0  0/0    22:10   2:20   0:00 
Christian Dvorak         0  2  2   2  0   4  0  0  0  0  8/19   15:34   1:38   2:05 
Clayton Keller           1  0  1   1  0   3  0  0  0  0  0/0    14:38   0:00   0:00 
David Backes             0  0  0   0  0   0  2  0  0  0  2/8     5:44   0:00   0:00 
Frederic Allard          0  0  0   2  0   0  0  1  0  0  0/0    22:34   2:20   3:50 
Fredrik Claesson         0  0  0   2  0   0  0  1  0  0  0/0    18:11   1:38   2:05 
Jay Bouwmeester          0  0  0  -1  0   0  1  3  0  0  0/0    25:19   1:38   3:50 
Jeremy Lauzon            0  0  0  -2  0   1  5  0  0  0  0/0    18:15   0:00   2:17 
Jesper Fast              0  1  1   1  0   3  4  0  0  0  1/1    21:00   2:20   4:02 
Jordan Greenway          0  0  0   0  0   2  0  0  0  0  1/1    10:09   0:00   0:00 
Joshua Jacobs            0  0  0   1  2   0  1  1  0  0  0/0    13:28   0:00   0:12 
Kevin Hayes              0  1  1   1  4   3  1  0  0  0  11/21  18:10   2:20   1:14 
Nicholas Shore           0  0  0   0  0   0  0  0  0  0  0/0     5:44   0:00   0:00 
Nicklas Backstrom        0  0  0   0  0   0  0  0  0  0  0/0     0:00   0:00   0:00 
T.J. Oshie               1  2  3   1  0   4  2  0  0  0  0/0    20:45   1:38   0:00 
Teuvo Teravainen         0  1  1  -1  0   2  1  1  0  0  4/17   23:22   1:38   4:02 

Players Stats for CALGARY FIREMEN

Player Name              G  A  P  +/- PIM S  H  SB GA TA FO     MP     PP MP  PK MP  
------------------------------------------------------------------------------------
Adam Henrique            0  0  0  -1  0   4  4  0  0  0  14/24  18:59   2:29   0:00 
Brendan Gallagher        2  1  3   1  0   15 0  0  0  0  2/5    20:56   3:38   2:04 
Brent Seabrook           0  0  0  -1  0   0  4  0  0  0  0/0    18:35   0:00   2:09 
Brett Howden             0  0  0   0  0   1  1  0  0  0  5/9     7:19   0:00   1:50 
Chase De Leo             0  0  0   0  0   0  0  0  0  0  0/0     5:29   0:00   0:00 
Darren Raddysh           0  0  0   0  0   0  0  0  0  0  0/0    15:27   0:00   0:07 
Filip Forsberg           0  0  0  -2  2   3  1  0  0  0  0/0    21:05   2:29   0:54 
Frans Nielsen            0  0  0  -1  0   2  0  0  0  0  5/11   14:14   0:00   2:08 
Jake McCabe              0  0  0  -1  2   0  2  3  0  0  0/0    19:48   2:33   0:00 
Joakim Nygard            0  0  0   0  0   0  0  0  0  0  0/0     6:29   0:00   1:00 
Jonathon Merrill         0  0  0  -1  0   0  0  0  0  0  0/0    24:33   2:33   1:58 
Markus Nutivaara         0  0  0  -1  2   0  1  2  0  0  0/0    19:31   3:34   1:42 
Oskar Lindblom           0  2  2   2  0   1  0  0  0  0  0/0    17:29   3:38   0:00 
Ryan Johansen            1  2  3   1  0   4  1  0  0  0  22/29  18:42   3:38   0:00 
Sami Vatanen             0  0  0   0  0   3  0  2  0  0  0/0    22:04   3:34   2:00 
Sonny Milano             0  0  0  -1  0   4  0  0  0  0  1/2    12:06   0:00   0:00 
Viktor Arvidsson         0  0  0  -2  0   3  1  0  0  0  1/5    19:08   2:29   0:00 
Yakov Trenin             0  0  0  -1  0   1  3  0  0  0  0/2    12:06   0:00   0:00 

3 Stars

1 - Brendan Gallagher (CGY)
2 - T.J. Oshie (PHX)
3 - Ryan Johansen (CGY)

Power Play

PHOENIX MUSTANGS - 0 on 2 Attempt(s) - 0,00%
CALGARY FIREMEN - 1 on 4 Attempt(s) - 25,00%

Penalty Kill

PHOENIX MUSTANGS - 3 on 4 Attempt(s) - 75,00% - Score 0 goal in Penalty Kill
CALGARY FIREMEN - 2 on 2 Attempt(s) - 100,00% - Score 0 goal in Penalty Kill

Team Stat

PHOENIX MUSTANGS - Hits : 20 - Faceoff Wins : 37 - Blocked Shots : 11 - Penalty Minutes : 10
CALGARY FIREMEN - Hits : 18 - Faceoff Wins : 50 - Blocked Shots : 7 - Penalty Minutes : 6

Official

Referees : Dave Lewis and Steve Kozari
Linesman : Robb Harrell and Brendan Lewis

Game Notes

No Game Note

Finance

Level 1 -- Attendance: 6000 (100,00%) -- Ticket Income 870 000 $
Level 2 -- Attendance: 5000 (100,00%) -- Ticket Income 550 000 $
Level 3 -- Attendance: 2997 (99,90%) -- Ticket Income 179 820 $
Level 4 -- Attendance: 4966 (99,32%) -- Ticket Income 292 994 $
Luxury Box -- Attendance: 1000 (100,00%) -- Ticket Income 290 000 $
Game was played at the Larouche Stadium.
Total Attendance: 19963 (99,82%)
Total Ticket Income: 2 182 814 $
Other Expense: 21 828 $
Total Income: 2 160 986 $

PHOENIX MUSTANGS

5 vs 5 Forward 
   Center                   Left Wing                Right Wing               Time % Phy DF OF 
 1 Andrew Copp              Teuvo Teravainen         T.J. Oshie               36     1   2  2  
 2 Kevin Hayes              Clayton Keller           Jesper Fast              31     1   2  2  
 3 Christian Dvorak         Alexander Steen          Jordan Greenway          25     1   2  2  
 4 David Backes             Alexander Steen          Nicholas Shore           8      1   2  2  

5 vs 5 Defense 
   Defense                  Defense                                           Time % Phy DF OF 
 1 Jay Bouwmeester          Jeremy Lauzon                                     36     1   2  2  
 2 Frederic Allard          Calvin De Haan                                    31     1   2  2  
 3 Fredrik Claesson         Joshua Jacobs                                     23     1   2  2  
 4 Jay Bouwmeester          Calvin De Haan                                    10     1   2  2  

PowerPlay Forward 
   Center                   Left Wing                Right Wing               Time % Phy DF OF 
 1 Christian Dvorak         Teuvo Teravainen         T.J. Oshie               60     1   2  2  
 2 Kevin Hayes              Alexander Steen          Jesper Fast              40     1   2  2  

PowerPlay Defense
   Defense                  Defense                                           Time % Phy DF OF 
 1 Jay Bouwmeester          Fredrik Claesson                                  55     1   2  2  
 2 Calvin De Haan           Frederic Allard                                   45     1   2  2  

Penalty Kill 4 Players Forward 
   Center                   Wing                     Time % Phy DF OF 
 1 Teuvo Teravainen         Jesper Fast              55     1   2  2  
 2 Christian Dvorak         Kevin Hayes              45     1   2  2  

Penalty Kill 4 Players Defense
   Defense                  Defense                  Time % Phy DF OF 
 1 Jay Bouwmeester          Frederic Allard          55     1   2  2  
 2 Jeremy Lauzon            Fredrik Claesson         45     1   2  2  

Penalty Kill - 3 Players Forward 
   Forward                                           Time % Phy DF OF 
 1 Kevin Hayes                                       55     1   2  2  
 2 T.J. Oshie                                        45     1   2  2  

Penalty Kill - 3 Players Defense
   Defense                  Defense                  Time % Phy DF OF 
 1 Jay Bouwmeester          Fredrik Claesson         55     1   2  2  
 2 Calvin De Haan           Frederic Allard          45     1   2  2  

4 vs 4 Forward 
   Center                   Wing                     Time % Phy DF OF 
 1 Christian Dvorak         T.J. Oshie               55     1   2  2  
 2 Kevin Hayes              Teuvo Teravainen         45     1   2  2  

4 vs 4 Defense
   Defense                  Defense                  Time % Phy DF OF 
 1 Fredrik Claesson         Calvin De Haan           55     1   2  2  
 2 Jay Bouwmeester          Frederic Allard          45     1   2  2  

Last Minutes Offensive
   Center                   Left Wing                Right Wing               Defense                  Defense                  
   Kevin Hayes              Teuvo Teravainen         T.J. Oshie               Jay Bouwmeester          Jeremy Lauzon            

Last Minutes Defensive
   Center                   Left Wing                Right Wing               Defense                  Defense                  
   Andrew Copp              Teuvo Teravainen         T.J. Oshie               Jay Bouwmeester          Jeremy Lauzon            

Goaltenders
Starting : Corey Crawford           
Backup : Garret Sparks            

Extra Forwards
Normal : Teuvo Teravainen, Christian Dvorak, Alexander Steen - PP : Teuvo Teravainen, Christian Dvorak - PK : Alexander Steen
Extra Defensemen
Normal : Jay Bouwmeester, Fredrik Claesson, Frederic Allard - PP : Jay Bouwmeester - PK : Frederic Allard, Jay Bouwmeester
Penalty Shots
Teuvo Teravainen, T.J. Oshie, Christian Dvorak, Kevin Hayes, Jesper Fast
Custom OT Lines Forwards
Teuvo Teravainen, T.J. Oshie, Andrew Copp, Kevin Hayes, Jesper Fast, Christian Dvorak, Clayton Keller, Alexander Steen, Jordan Greenway, David Backes
Custom OT Lines Defensemen
Jay Bouwmeester, Jeremy Lauzon, Frederic Allard, Joshua Jacobs, Fredrik Claesson

Scratches
Dennis Cholowski (Right Forearm Injury), Chris Terry (Healthy), Scott Harrington (Healthy), Joonas Korpisalo (Sprained Left Ankle Injury)

CALGARY FIREMEN

5 vs 5 Forward 
   Center                   Left Wing                Right Wing               Time % Phy DF OF 
 1 Adam Henrique            Viktor Arvidsson         Filip Forsberg           32     0   1  4  
 2 Ryan Johansen            Oskar Lindblom           Brendan Gallagher        30     0   1  4  
 3 Frans Nielsen            Yakov Trenin             Sonny Milano             25     0   3  2  
 4 Brett Howden             Chase De Leo             Joakim Nygard            13     0   4  1  

5 vs 5 Defense 
   Defense                  Defense                                           Time % Phy DF OF 
 1 Jonathon Merrill         Sami Vatanen                                      32     0   2  3  
 2 Markus Nutivaara         Jake McCabe                                       30     0   3  2  
 3 Darren Raddysh           Brent Seabrook                                    25     0   4  1  
 4 Jake McCabe              Jonathon Merrill                                  13     0   4  1  

PowerPlay Forward 
   Center                   Left Wing                Right Wing               Time % Phy DF OF 
 1 Adam Henrique            Viktor Arvidsson         Filip Forsberg           50     1   0  4  
 2 Ryan Johansen            Oskar Lindblom           Brendan Gallagher        50     1   0  4  

PowerPlay Defense
   Defense                  Defense                                           Time % Phy DF OF 
 1 Markus Nutivaara         Sami Vatanen                                      50     0   1  4  
 2 Jonathon Merrill         Jake McCabe                                       50     0   1  4  

Penalty Kill 4 Players Forward 
   Center                   Wing                     Time % Phy DF OF 
 1 Frans Nielsen            Filip Forsberg           50     0   5  0  
 2 Brett Howden             Brendan Gallagher        50     0   5  0  

Penalty Kill 4 Players Defense
   Defense                  Defense                  Time % Phy DF OF 
 1 Sami Vatanen             Markus Nutivaara         50     0   5  0  
 2 Brent Seabrook           Jonathon Merrill         50     0   5  0  

Penalty Kill - 3 Players Forward 
   Forward                                           Time % Phy DF OF 
 1 Filip Forsberg                                    50     0   5  0  
 2 Brendan Gallagher                                 50     0   5  0  

Penalty Kill - 3 Players Defense
   Defense                  Defense                  Time % Phy DF OF 
 1 Markus Nutivaara         Sami Vatanen             50     0   5  0  
 2 Brent Seabrook           Jonathon Merrill         50     0   5  0  

4 vs 4 Forward 
   Center                   Wing                     Time % Phy DF OF 
 1 Ryan Johansen            Filip Forsberg           50     0   1  4  
 2 Viktor Arvidsson         Brendan Gallagher        50     0   1  4  

4 vs 4 Defense
   Defense                  Defense                  Time % Phy DF OF 
 1 Sami Vatanen             Markus Nutivaara         50     0   2  3  
 2 Brent Seabrook           Jonathon Merrill         50     0   2  3  

Last Minutes Offensive
   Center                   Left Wing                Right Wing               Defense                  Defense                  
   Adam Henrique            Filip Forsberg           Brendan Gallagher        Jonathon Merrill         Sami Vatanen             

Last Minutes Defensive
   Center                   Left Wing                Right Wing               Defense                  Defense                  
   Adam Henrique            Filip Forsberg           Brendan Gallagher        Sami Vatanen             Jonathon Merrill         

Goaltenders
Starting : Vitek Vanecek            
Backup : Antti Raanta             

Extra Forwards
Normal : Viktor Arvidsson, Filip Forsberg, Brendan Gallagher - PP : Viktor Arvidsson, Filip Forsberg - PK : Brendan Gallagher
Extra Defensemen
Normal : Jonathon Merrill, Markus Nutivaara, Brent Seabrook - PP : Markus Nutivaara - PK : Sami Vatanen, Brent Seabrook
Penalty Shots
Viktor Arvidsson, Filip Forsberg, Oskar Lindblom, Brendan Gallagher, Ryan Johansen
Custom OT Lines Forwards
Viktor Arvidsson, Filip Forsberg, Adam Henrique, Brendan Gallagher, Ryan Johansen, Oskar Lindblom, Yakov Trenin, Frans Nielsen, Sonny Milano, Brett Howden
Custom OT Lines Defensemen
Jonathon Merrill, Sami Vatanen, Markus Nutivaara, Jake McCabe, Brent Seabrook

Scratches
Anthony Peluso (Healthy)

% Time on Ice - PHOENIX MUSTANGS

Lines # - Real PCT - Wanted PCT - Time Play
Normal Forward
1 - 35% - 36% - 16:32
2 - 31% - 31% - 14:38
3 - 22% - 25% - 10:09
4 - 12% - 8% - 5:44
Normal Defense
1 - 32% - 36% - 15:05
2 - 33% - 31% - 15:36
3 - 28% - 23% - 13:17
4 - 7% - 10% - 3:05
PP Forward
1 - 41% - 60% - 1:38
2 - 59% - 40% - 2:20
PP Defense
1 - 41% - 55% - 1:38
2 - 59% - 45% - 2:20
PK Forward
1 - 66% - 55% - 4:02
2 - 34% - 45% - 2:05
PK Defense
1 - 63% - 55% - 3:50
2 - 37% - 45% - 2:17
PK3 Forward
1 - 0% - 55%
2 - 0% - 45%
PK3 Defense
1 - 0% - 55%
2 - 0% - 45%
44 Forward
1 - 86% - 55% - 1:42
2 - 14% - 45% - 0:17
44 Defense
1 - 60% - 55% - 1:11
2 - 40% - 45% - 0:48
Last Minute Offensive  - 0:00
Last Minute Defensive  - 0:53
Total
Forward - 60:00
Defense - 60:00

% Time on Ice - CALGARY FIREMEN

Lines # - Real PCT - Wanted PCT - Time Play
Normal Forward
1 - 34% - 32% - 15:53
2 - 29% - 30% - 13:51
3 - 26% - 25% - 12:06
4 - 12% - 13% - 5:29
Normal Defense
1 - 30% - 32% - 14:13
2 - 30% - 30% - 14:16
3 - 32% - 25% - 15:20
4 - 7% - 13% - 3:30
PP Forward
1 - 41% - 50% - 2:29
2 - 59% - 50% - 3:38
PP Defense
1 - 58% - 50% - 3:34
2 - 42% - 50% - 2:33
PK Forward
1 - 54% - 50% - 2:08
2 - 46% - 50% - 1:50
PK Defense
1 - 50% - 50% - 2:00
2 - 50% - 50% - 1:58
PK3 Forward
1 - 0% - 50%
2 - 0% - 50%
PK3 Defense
1 - 0% - 50%
2 - 0% - 50%
44 Forward
1 - 61% - 50% - 1:13
2 - 39% - 50% - 0:46
44 Defense
1 - 59% - 50% - 1:10
2 - 41% - 50% - 0:49
Last Minute Offensive  - 0:37
Last Minute Defensive  - 0:00
Total
Forward - 60:00
Defense - 60:00

Play-by-Play

1st period


0:01 of 1st period - Adam Henrique wins face-off versus Andrew Copp in neutral zone.
0:25 of 1st period - Shot by Filip Forsberg.
0:25 of 1st period - Shot Blocked by Jay Bouwmeester.
0:28 of 1st period - Icing by Jay Bouwmeester.
0:29 of 1st period - Ryan Johansen wins face-off versus Andrew Copp in PHOENIX MUSTANGS zone.
0:38 of 1st period - Shot by Brendan Gallagher.
0:38 of 1st period - Stopped by Corey Crawford without a rebound.
0:39 of 1st period - Kevin Hayes wins face-off versus Frans Nielsen in PHOENIX MUSTANGS zone.
0:39 of 1st period - Kevin Hayes is hit by Yakov Trenin.
0:42 of 1st period - Clayton Keller is hit by Yakov Trenin.
1:03 of 1st period - Kevin Hayes is hit by Brent Seabrook and loses puck.
1:10 of 1st period - Shot by Kevin Hayes.
1:10 of 1st period - Stopped by Vitek Vanecek without a rebound.
1:11 of 1st period - Ryan Johansen wins face-off versus Christian Dvorak in CALGARY FIREMEN zone.
2:33 of 1st period - Shot by Brett Howden.
2:33 of 1st period - Shot Blocked by Alexander Steen.
2:43 of 1st period - Christian Dvorak is hit by Brett Howden and loses puck.
3:18 of 1st period - Shot by Adam Henrique.
3:18 of 1st period - Shot Blocked by Andrew Copp.
3:33 of 1st period - Shot by T.J. Oshie.
3:33 of 1st period - Shot Misses the Net.
4:03 of 1st period - Viktor Arvidsson is hit by Teuvo Teravainen and loses puck.
4:25 of 1st period - Kevin Hayes is hit by Viktor Arvidsson and loses puck.
4:42 of 1st period - Shot by Frans Nielsen.
4:42 of 1st period - Stopped by Corey Crawford without a rebound.
4:43 of 1st period - Ryan Johansen wins face-off versus David Backes in PHOENIX MUSTANGS zone.
4:49 of 1st period - Icing by Andrew Copp.
4:50 of 1st period - Frans Nielsen wins face-off versus David Backes in PHOENIX MUSTANGS zone.
5:27 of 1st period - Shot by Sonny Milano.
5:27 of 1st period - Stopped by Corey Crawford with a rebound.
5:47 of 1st period - Shot by Jesper Fast.
5:47 of 1st period - Stopped by Vitek Vanecek without a rebound.
5:48 of 1st period - Brett Howden wins face-off versus Christian Dvorak in CALGARY FIREMEN zone.
6:05 of 1st period - Shot by Brett Howden.
6:05 of 1st period - Stopped by Corey Crawford with a rebound.
6:07 of 1st period - Shot by Sami Vatanen.
6:07 of 1st period - Stopped by Corey Crawford without a rebound.
6:08 of 1st period - Kevin Hayes wins face-off versus Ryan Johansen in PHOENIX MUSTANGS zone.
6:13 of 1st period - Brendan Gallagher is hit by Jesper Fast and loses puck.
7:16 of 1st period - Shot by T.J. Oshie.
7:16 of 1st period - Shot Misses the Net.
7:18 of 1st period - Shot by Teuvo Teravainen.
7:18 of 1st period - Stopped by Vitek Vanecek without a rebound.
7:19 of 1st period - David Backes wins face-off versus Yakov Trenin in CALGARY FIREMEN zone.
7:22 of 1st period - Shot by Alexander Steen.
7:22 of 1st period - Stopped by Vitek Vanecek with a rebound.
7:50 of 1st period - Icing by Sami Vatanen.
7:51 of 1st period - Sonny Milano wins face-off versus Andrew Copp in CALGARY FIREMEN zone.
8:28 of 1st period - Off-side.
8:29 of 1st period - Kevin Hayes wins face-off versus Adam Henrique in neutral zone.
8:36 of 1st period - Shot by Clayton Keller.
8:36 of 1st period - Shot Misses the Net.
9:00 of 1st period - Filip Forsberg is hit by Joshua Jacobs and loses puck.
9:01 of 1st period - Minor Penalty to Joshua Jacobs for Boarding.
9:02 of 1st period - Ryan Johansen wins face-off versus Teuvo Teravainen in PHOENIX MUSTANGS zone.
9:09 of 1st period - Shot by Brendan Gallagher.
9:09 of 1st period - Shot Blocked by Frederic Allard.
9:11 of 1st period - Shot by Ryan Johansen.
9:11 of 1st period - Goal by Ryan Johansen - PHOENIX MUSTANGS : 0 - CALGARY FIREMEN : 1.
9:12 of 1st period - Ryan Johansen wins face-off versus Andrew Copp in neutral zone.
9:15 of 1st period - Shot by Brendan Gallagher.
9:15 of 1st period - Deflect By Ryan Johansen.
9:15 of 1st period - Stopped by Corey Crawford without a rebound.
9:16 of 1st period - Andrew Copp wins face-off versus Adam Henrique in PHOENIX MUSTANGS zone.
9:16 of 1st period - Andrew Copp is hit by Adam Henrique.
10:10 of 1st period - Minor Penalty to Jake McCabe for Holding.
10:11 of 1st period - Kevin Hayes wins face-off versus Brett Howden in CALGARY FIREMEN zone.
11:20 of 1st period - Icing by Jesper Fast.
11:21 of 1st period - Kevin Hayes wins face-off versus Frans Nielsen in PHOENIX MUSTANGS zone.
11:25 of 1st period - Off-side.
11:26 of 1st period - Teuvo Teravainen wins face-off versus Frans Nielsen in neutral zone.
11:45 of 1st period - Shot by T.J. Oshie.
11:45 of 1st period - Shot Blocked by Sami Vatanen.
12:27 of 1st period - Shot by Brendan Gallagher.
12:27 of 1st period - Stopped by Corey Crawford without a rebound.
12:28 of 1st period - Frans Nielsen wins face-off versus Kevin Hayes in PHOENIX MUSTANGS zone.
12:34 of 1st period - Icing by Calvin De Haan.
12:35 of 1st period - Kevin Hayes wins face-off versus Brett Howden in PHOENIX MUSTANGS zone.
12:59 of 1st period - Shot by Jesper Fast.
12:59 of 1st period - Stopped by Vitek Vanecek without a rebound.
13:00 of 1st period - Ryan Johansen wins face-off versus Andrew Copp in CALGARY FIREMEN zone.
13:00 of 1st period - Ryan Johansen is hit by T.J. Oshie.
13:08 of 1st period - Shot by Ryan Johansen.
13:08 of 1st period - Shot Blocked by Teuvo Teravainen.
13:10 of 1st period - Shot by Brendan Gallagher.
13:10 of 1st period - Stopped by Corey Crawford with a rebound.
13:37 of 1st period - Shot by Brendan Gallagher.
13:37 of 1st period - Shot Misses the Net.
13:39 of 1st period - Shot by Ryan Johansen.
13:39 of 1st period - Stopped by Corey Crawford without a rebound.
13:40 of 1st period - Christian Dvorak wins face-off versus Adam Henrique in PHOENIX MUSTANGS zone.
13:40 of 1st period - Christian Dvorak is hit by Adam Henrique.
13:41 of 1st period - Minor Penalty to Filip Forsberg for Roughing.
13:42 of 1st period - Frans Nielsen wins face-off versus Kevin Hayes in CALGARY FIREMEN zone.
15:10 of 1st period - Shot by T.J. Oshie.
15:10 of 1st period - Stopped by Vitek Vanecek without a rebound.
15:11 of 1st period - Kevin Hayes wins face-off versus Brett Howden in CALGARY FIREMEN zone.
15:26 of 1st period - Shot by Alexander Steen.
15:26 of 1st period - Stopped by Vitek Vanecek without a rebound.
15:27 of 1st period - Christian Dvorak wins face-off versus Frans Nielsen in CALGARY FIREMEN zone.
15:56 of 1st period - Shot by Filip Forsberg.
15:56 of 1st period - Shot Misses the Net.
16:47 of 1st period - Minor Penalty to Kevin Hayes for Hooking.
16:48 of 1st period - Teuvo Teravainen wins face-off versus Brendan Gallagher in PHOENIX MUSTANGS zone.
16:54 of 1st period - Icing by Jake McCabe.
16:55 of 1st period - Ryan Johansen wins face-off versus Teuvo Teravainen in CALGARY FIREMEN zone.
16:59 of 1st period - Off-side.
17:00 of 1st period - Ryan Johansen wins face-off versus Teuvo Teravainen in neutral zone.
17:09 of 1st period - Shot by Brendan Gallagher.
17:09 of 1st period - Shot Misses the Net.
17:23 of 1st period - Shot by Sami Vatanen.
17:23 of 1st period - Stopped by Corey Crawford without a rebound.
17:24 of 1st period - Adam Henrique wins face-off versus Christian Dvorak in PHOENIX MUSTANGS zone.
17:39 of 1st period - Shot by Filip Forsberg.
17:39 of 1st period - Shot Blocked by Alexander Steen.
18:03 of 1st period - Shot by Filip Forsberg.
18:03 of 1st period - Stopped by Corey Crawford without a rebound.
18:04 of 1st period - Ryan Johansen wins face-off versus Teuvo Teravainen in PHOENIX MUSTANGS zone.
18:31 of 1st period - Shot by Sami Vatanen.
18:31 of 1st period - Shot Misses the Net.
18:49 of 1st period - Shot by Christian Dvorak.
18:49 of 1st period - Shot Misses the Net.
Goals for this period are 0 for PHOENIX MUSTANGS vs 1 for CALGARY FIREMEN.
Shots for this period are 7 for PHOENIX MUSTANGS vs 12 for CALGARY FIREMEN.

2nd period


0:01 of 2nd period - Andrew Copp wins face-off versus Ryan Johansen in neutral zone.
0:32 of 2nd period - Brendan Gallagher is hit by Jeremy Lauzon and loses puck.
0:36 of 2nd period - Oskar Lindblom is hit by Jeremy Lauzon and loses puck.
0:39 of 2nd period - Shot by Brendan Gallagher.
0:39 of 2nd period - Deflect By Ryan Johansen.
0:39 of 2nd period - Shot Misses the Net.
0:55 of 2nd period - Shot by Christian Dvorak.
0:55 of 2nd period - Shot Misses the Net.
0:59 of 2nd period - Shot by Alexander Steen.
0:59 of 2nd period - Stopped by Vitek Vanecek without a rebound.
1:00 of 2nd period - Kevin Hayes wins face-off versus Sonny Milano in CALGARY FIREMEN zone.
1:15 of 2nd period - Shot by Jake McCabe.
1:15 of 2nd period - Shot Misses the Net.
1:23 of 2nd period - Markus Nutivaara is hit by Jesper Fast and loses puck.
1:30 of 2nd period - Shot by Kevin Hayes.
1:30 of 2nd period - Stopped by Vitek Vanecek without a rebound.
1:31 of 2nd period - Adam Henrique wins face-off versus Christian Dvorak in CALGARY FIREMEN zone.
2:00 of 2nd period - Shot by Filip Forsberg.
2:00 of 2nd period - Stopped by Corey Crawford with a rebound.
2:02 of 2nd period - Shot by Adam Henrique.
2:02 of 2nd period - Stopped by Corey Crawford without a rebound.
2:03 of 2nd period - Ryan Johansen wins face-off versus Andrew Copp in PHOENIX MUSTANGS zone.
2:07 of 2nd period - Brendan Gallagher is hit by Jeremy Lauzon and loses puck.
2:18 of 2nd period - Shot by Brendan Gallagher.
2:18 of 2nd period - Shot Blocked by Jay Bouwmeester.
2:21 of 2nd period - Brendan Gallagher is hit by Jeremy Lauzon and loses puck.
2:36 of 2nd period - Shot by T.J. Oshie.
2:36 of 2nd period - Shot Blocked by Jake McCabe.
3:36 of 2nd period - Adam Henrique is hit by Jeremy Lauzon and loses puck.
4:20 of 2nd period - Shot by Yakov Trenin.
4:20 of 2nd period - Stopped by Corey Crawford without a rebound.
4:21 of 2nd period - Ryan Johansen wins face-off versus Christian Dvorak in PHOENIX MUSTANGS zone.
4:33 of 2nd period - Ryan Johansen is hit by Calvin De Haan and loses puck.
4:43 of 2nd period - Shot by Ryan Johansen.
4:43 of 2nd period - Shot Misses the Net.
4:45 of 2nd period - Shot by Ryan Johansen.
4:45 of 2nd period - Deflect By Brendan Gallagher.
4:45 of 2nd period - Stopped by Corey Crawford without a rebound.
4:46 of 2nd period - Brett Howden wins face-off versus Kevin Hayes in PHOENIX MUSTANGS zone.
5:21 of 2nd period - Shot by Jesper Fast.
5:21 of 2nd period - Shot Misses the Net.
5:23 of 2nd period - Shot by Kevin Hayes.
5:23 of 2nd period - Shot Misses the Net.
5:47 of 2nd period - Shot by Alexander Steen.
5:47 of 2nd period - Stopped by Vitek Vanecek without a rebound.
5:48 of 2nd period - David Backes wins face-off versus Adam Henrique in CALGARY FIREMEN zone.
6:09 of 2nd period - Filip Forsberg is hit by David Backes and loses puck.
6:27 of 2nd period - Shot by Adam Henrique.
6:27 of 2nd period - Stopped by Corey Crawford without a rebound.
6:28 of 2nd period - Frans Nielsen wins face-off versus Kevin Hayes in PHOENIX MUSTANGS zone.
6:31 of 2nd period - Shot by Yakov Trenin.
6:31 of 2nd period - Deflect By Sonny Milano.
6:31 of 2nd period - Stopped by Corey Crawford without a rebound.
6:32 of 2nd period - Kevin Hayes wins face-off versus Yakov Trenin in PHOENIX MUSTANGS zone.
6:41 of 2nd period - Shot by Jesper Fast.
6:41 of 2nd period - Stopped by Vitek Vanecek without a rebound.
6:42 of 2nd period - Kevin Hayes wins face-off versus Ryan Johansen in CALGARY FIREMEN zone.
6:47 of 2nd period - Shot by Clayton Keller.
6:47 of 2nd period - Stopped by Vitek Vanecek without a rebound.
6:48 of 2nd period - Ryan Johansen wins face-off versus Andrew Copp in CALGARY FIREMEN zone.
7:25 of 2nd period - Shot by Brendan Gallagher.
7:25 of 2nd period - Shot Misses the Net.
7:27 of 2nd period - Shot by Oskar Lindblom.
7:27 of 2nd period - Shot Misses the Net.
7:29 of 2nd period - Shot by Oskar Lindblom.
7:29 of 2nd period - Shot Misses the Net.
8:55 of 2nd period - Shot by Viktor Arvidsson.
8:55 of 2nd period - Shot Misses the Net.
9:17 of 2nd period - Shot by Clayton Keller.
9:17 of 2nd period - Stopped by Vitek Vanecek without a rebound.
9:18 of 2nd period - Ryan Johansen wins face-off versus Kevin Hayes in CALGARY FIREMEN zone.
9:18 of 2nd period - Ryan Johansen is hit by Jesper Fast.
9:37 of 2nd period - Minor Penalty to Calvin De Haan for Hooking.
9:38 of 2nd period - Ryan Johansen wins face-off versus Teuvo Teravainen in PHOENIX MUSTANGS zone.
10:06 of 2nd period - Shot by Brendan Gallagher.
10:06 of 2nd period - Stopped by Corey Crawford without a rebound.
10:07 of 2nd period - Adam Henrique wins face-off versus Christian Dvorak in PHOENIX MUSTANGS zone.
10:26 of 2nd period - Shot by Adam Henrique.
10:26 of 2nd period - Stopped by Corey Crawford without a rebound.
10:27 of 2nd period - Brendan Gallagher wins face-off versus Teuvo Teravainen in PHOENIX MUSTANGS zone.
10:39 of 2nd period - Icing by Sami Vatanen.
10:40 of 2nd period - Ryan Johansen wins face-off versus Teuvo Teravainen in CALGARY FIREMEN zone.
10:49 of 2nd period - Shot by Brendan Gallagher.
10:49 of 2nd period - Shot Misses the Net.
10:51 of 2nd period - Shot by Oskar Lindblom.
10:51 of 2nd period - Shot Misses the Net.
11:43 of 2nd period - Shot by Sonny Milano.
11:43 of 2nd period - Stopped by Corey Crawford with a rebound.
11:59 of 2nd period - Shot by Sonny Milano.
11:59 of 2nd period - Shot Blocked by Alexander Steen.
12:05 of 2nd period - Shot by Frans Nielsen.
12:05 of 2nd period - Stopped by Corey Crawford with a rebound.
12:16 of 2nd period - Icing by Fredrik Claesson.
12:17 of 2nd period - Adam Henrique wins face-off versus David Backes in PHOENIX MUSTANGS zone.
12:20 of 2nd period - Shot by Viktor Arvidsson.
12:20 of 2nd period - Stopped by Corey Crawford without a rebound.
12:21 of 2nd period - Andrew Copp wins face-off versus Adam Henrique in PHOENIX MUSTANGS zone.
12:36 of 2nd period - Shot by Teuvo Teravainen.
12:36 of 2nd period - Deflect By T.J. Oshie.
12:36 of 2nd period - Shot Misses the Net.
12:38 of 2nd period - Shot by Teuvo Teravainen.
12:38 of 2nd period - Shot Blocked by Jake McCabe.
12:40 of 2nd period - Shot by Teuvo Teravainen.
12:40 of 2nd period - Shot Misses the Net.
12:42 of 2nd period - Shot by Andrew Copp.
12:42 of 2nd period - Shot Misses the Net.
12:50 of 2nd period - Shot by Teuvo Teravainen.
12:50 of 2nd period - Shot Misses the Net.
12:52 of 2nd period - Shot by T.J. Oshie.
12:52 of 2nd period - Shot Misses the Net.
14:23 of 2nd period - Shot by Brendan Gallagher.
14:23 of 2nd period - Stopped by Corey Crawford with a rebound.
14:25 of 2nd period - Shot by Oskar Lindblom.
14:25 of 2nd period - Shot Misses the Net.
14:27 of 2nd period - Shot by Brendan Gallagher.
14:27 of 2nd period - Deflect By Oskar Lindblom.
14:27 of 2nd period - Stopped by Corey Crawford without a rebound.
14:28 of 2nd period - Frans Nielsen wins face-off versus Andrew Copp in PHOENIX MUSTANGS zone.
14:36 of 2nd period - Teuvo Teravainen is hit by Brent Seabrook and loses puck.
14:57 of 2nd period - T.J. Oshie is hit by Brent Seabrook.
15:37 of 2nd period - Jordan Greenway is hit by Brent Seabrook and loses puck.
15:40 of 2nd period - Shot by Christian Dvorak.
15:40 of 2nd period - Stopped by Vitek Vanecek without a rebound.
15:41 of 2nd period - Ryan Johansen wins face-off versus Kevin Hayes in CALGARY FIREMEN zone.
15:43 of 2nd period - Icing by Oskar Lindblom.
15:44 of 2nd period - Ryan Johansen wins face-off versus Kevin Hayes in CALGARY FIREMEN zone.
15:44 of 2nd period - Ryan Johansen is hit by Kevin Hayes.
15:54 of 2nd period - Shot by Brendan Gallagher.
15:54 of 2nd period - Shot Blocked by Joshua Jacobs.
15:56 of 2nd period - Shot by Brendan Gallagher.
15:56 of 2nd period - Stopped by Corey Crawford without a rebound.
15:57 of 2nd period - Brett Howden wins face-off versus Christian Dvorak in PHOENIX MUSTANGS zone.
16:29 of 2nd period - Shot by Christian Dvorak.
16:29 of 2nd period - Deflect By Alexander Steen.
16:29 of 2nd period - Shot Misses the Net.
16:54 of 2nd period - Icing by Brett Howden.
16:55 of 2nd period - Brett Howden wins face-off versus Kevin Hayes in CALGARY FIREMEN zone.
18:00 of 2nd period - Icing by Jay Bouwmeester.
18:01 of 2nd period - Jesper Fast wins face-off versus Adam Henrique in PHOENIX MUSTANGS zone.
18:23 of 2nd period - Off-side.
18:24 of 2nd period - Andrew Copp wins face-off versus Frans Nielsen in neutral zone.
19:44 of 2nd period - Shot by Oskar Lindblom.
19:44 of 2nd period - Shot Misses the Net.
Goals for this period are 0 for PHOENIX MUSTANGS vs 0 for CALGARY FIREMEN.
Shots for this period are 7 for PHOENIX MUSTANGS vs 14 for CALGARY FIREMEN.

3rd period


0:01 of 3rd period - Andrew Copp wins face-off versus Brendan Gallagher in neutral zone.
0:14 of 3rd period - Shot by Ryan Johansen.
0:14 of 3rd period - Stopped by Corey Crawford without a rebound.
0:15 of 3rd period - Kevin Hayes wins face-off versus Viktor Arvidsson in PHOENIX MUSTANGS zone.
0:17 of 3rd period - Clayton Keller is hit by Adam Henrique and loses puck.
0:28 of 3rd period - Minor Penalty to Markus Nutivaara for Hooking.
0:28 of 3rd period - Minor Penalty to Kevin Hayes for High sticking.
0:29 of 3rd period - Ryan Johansen wins face-off versus Christian Dvorak in CALGARY FIREMEN zone.
1:00 of 3rd period - Shot by T.J. Oshie.
1:00 of 3rd period - Shot Misses the Net.
1:02 of 3rd period - Shot by Calvin De Haan.
1:02 of 3rd period - Goal by Calvin De Haan - PHOENIX MUSTANGS : 1 - CALGARY FIREMEN : 1.
1:03 of 3rd period - Alexander Steen wins face-off versus Viktor Arvidsson in neutral zone.
1:05 of 3rd period - Off-side.
1:06 of 3rd period - Christian Dvorak wins face-off versus Viktor Arvidsson in neutral zone.
1:09 of 3rd period - Shot by Christian Dvorak.
1:09 of 3rd period - Stopped by Vitek Vanecek without a rebound.
1:10 of 3rd period - Christian Dvorak wins face-off versus Brendan Gallagher in CALGARY FIREMEN zone.
1:11 of 3rd period - Shot by T.J. Oshie.
1:11 of 3rd period - Goal by T.J. Oshie - PHOENIX MUSTANGS : 2 - CALGARY FIREMEN : 1.
1:12 of 3rd period - Viktor Arvidsson wins face-off versus Christian Dvorak in neutral zone.
1:34 of 3rd period - Shot by Brendan Gallagher.
1:34 of 3rd period - Stopped by Corey Crawford without a rebound.
1:35 of 3rd period - Ryan Johansen wins face-off versus Christian Dvorak in PHOENIX MUSTANGS zone.
1:58 of 3rd period - Shot by Filip Forsberg.
1:58 of 3rd period - Stopped by Corey Crawford without a rebound.
1:59 of 3rd period - Teuvo Teravainen wins face-off versus Viktor Arvidsson in PHOENIX MUSTANGS zone.
2:12 of 3rd period - Shot by Brendan Gallagher.
2:12 of 3rd period - Stopped by Corey Crawford without a rebound.
2:13 of 3rd period - Christian Dvorak wins face-off versus Ryan Johansen in PHOENIX MUSTANGS zone.
2:24 of 3rd period - Shot by Christian Dvorak.
2:24 of 3rd period - Shot Misses the Net.
2:30 of 3rd period - Jesper Fast is hit by Yakov Trenin and loses puck.
2:38 of 3rd period - Jesper Fast is hit by Jake McCabe and loses puck.
2:57 of 3rd period - Shot by Kevin Hayes.
2:57 of 3rd period - Shot Misses the Net.
2:59 of 3rd period - Shot by Clayton Keller.
2:59 of 3rd period - Goal by Clayton Keller - PHOENIX MUSTANGS : 3 - CALGARY FIREMEN : 1.
3:00 of 3rd period - Andrew Copp wins face-off versus Adam Henrique in neutral zone.
3:06 of 3rd period - Off-side.
3:07 of 3rd period - Andrew Copp wins face-off versus Ryan Johansen in neutral zone.
3:07 of 3rd period - Teuvo Teravainen is hit by Ryan Johansen and loses puck.
3:18 of 3rd period - Shot by Brendan Gallagher.
3:18 of 3rd period - Goal by Brendan Gallagher - PHOENIX MUSTANGS : 3 - CALGARY FIREMEN : 2.
3:19 of 3rd period - Adam Henrique wins face-off versus Christian Dvorak in neutral zone.
3:24 of 3rd period - Shot by Filip Forsberg.
3:24 of 3rd period - Shot Misses the Net.
3:57 of 3rd period - Shot by Jordan Greenway.
3:57 of 3rd period - Stopped by Vitek Vanecek without a rebound.
3:58 of 3rd period - Ryan Johansen wins face-off versus Teuvo Teravainen in CALGARY FIREMEN zone.
4:23 of 3rd period - Shot by Brendan Gallagher.
4:23 of 3rd period - Stopped by Corey Crawford with a rebound.
4:25 of 3rd period - Shot by Sami Vatanen.
4:25 of 3rd period - Shot Blocked by Jay Bouwmeester.
4:33 of 3rd period - Shot by Ryan Johansen.
4:33 of 3rd period - Shot Misses the Net.
4:57 of 3rd period - Frans Nielsen is hit by T.J. Oshie and loses puck.
6:13 of 3rd period - Shot by Christian Dvorak.
6:13 of 3rd period - Stopped by Vitek Vanecek without a rebound.
6:14 of 3rd period - Ryan Johansen wins face-off versus David Backes in CALGARY FIREMEN zone.
6:29 of 3rd period - Shot by Brendan Gallagher.
6:29 of 3rd period - Stopped by Corey Crawford without a rebound.
6:30 of 3rd period - Adam Henrique wins face-off versus Teuvo Teravainen in PHOENIX MUSTANGS zone.
6:34 of 3rd period - Viktor Arvidsson is hit by Calvin De Haan.
6:37 of 3rd period - Minor Penalty to Calvin De Haan for Hooking.
6:38 of 3rd period - Adam Henrique wins face-off versus Teuvo Teravainen in PHOENIX MUSTANGS zone.
6:47 of 3rd period - Shot by Adam Henrique.
6:47 of 3rd period - Stopped by Corey Crawford without a rebound.
6:48 of 3rd period - Adam Henrique wins face-off versus Teuvo Teravainen in PHOENIX MUSTANGS zone.
6:53 of 3rd period - Shot by Viktor Arvidsson.
6:53 of 3rd period - Stopped by Corey Crawford with a rebound.
6:55 of 3rd period - Shot by Viktor Arvidsson.
6:55 of 3rd period - Stopped by Corey Crawford without a rebound.
6:56 of 3rd period - Adam Henrique wins face-off versus Teuvo Teravainen in PHOENIX MUSTANGS zone.
7:06 of 3rd period - Icing by Filip Forsberg.
7:07 of 3rd period - Adam Henrique wins face-off versus Teuvo Teravainen in CALGARY FIREMEN zone.
7:16 of 3rd period - Viktor Arvidsson is hit by Jay Bouwmeester and loses puck.
8:14 of 3rd period - Shot by Brendan Gallagher.
8:14 of 3rd period - Shot Blocked by Fredrik Claesson.
8:16 of 3rd period - Shot by Brendan Gallagher.
8:16 of 3rd period - Stopped by Corey Crawford without a rebound.
8:17 of 3rd period - Christian Dvorak wins face-off versus Ryan Johansen in PHOENIX MUSTANGS zone.
8:35 of 3rd period - Shot by Brendan Gallagher.
8:35 of 3rd period - The goal is going for a video replay.
8:35 of 3rd period - The goal is refused.
8:36 of 3rd period - Teuvo Teravainen wins face-off versus Adam Henrique in PHOENIX MUSTANGS zone.
8:56 of 3rd period - Shot by Nicholas Shore.
8:56 of 3rd period - Shot Misses the Net.
8:58 of 3rd period - Shot by Alexander Steen.
8:58 of 3rd period - Shot Misses the Net.
9:03 of 3rd period - Icing by Brett Howden.
9:04 of 3rd period - Andrew Copp wins face-off versus Brett Howden in CALGARY FIREMEN zone.
9:19 of 3rd period - Shot by T.J. Oshie.
9:19 of 3rd period - Stopped by Vitek Vanecek without a rebound.
9:20 of 3rd period - Adam Henrique wins face-off versus Kevin Hayes in CALGARY FIREMEN zone.
9:40 of 3rd period - Filip Forsberg is hit by Jesper Fast and loses puck.
10:28 of 3rd period - Icing by Jake McCabe.
10:29 of 3rd period - Brendan Gallagher wins face-off versus Andrew Copp in CALGARY FIREMEN zone.
10:39 of 3rd period - Shot by T.J. Oshie.
10:39 of 3rd period - Stopped by Vitek Vanecek with a rebound.
10:41 of 3rd period - Shot by Andrew Copp.
10:41 of 3rd period - Shot Misses the Net.
10:45 of 3rd period - Shot by Andrew Copp.
10:45 of 3rd period - Shot Blocked by Markus Nutivaara.
10:47 of 3rd period - Shot by Jeremy Lauzon.
10:47 of 3rd period - Stopped by Vitek Vanecek without a rebound.
10:48 of 3rd period - Christian Dvorak wins face-off versus Frans Nielsen in CALGARY FIREMEN zone.
11:09 of 3rd period - Shot by Jordan Greenway.
11:09 of 3rd period - Stopped by Vitek Vanecek with a rebound.
11:27 of 3rd period - Shot by Jordan Greenway.
11:27 of 3rd period - Shot Misses the Net.
12:59 of 3rd period - Shot by Brendan Gallagher.
12:59 of 3rd period - Goal by Brendan Gallagher - PHOENIX MUSTANGS : 3 - CALGARY FIREMEN : 3.
13:00 of 3rd period - Brett Howden wins face-off versus Kevin Hayes in neutral zone.
13:44 of 3rd period - Shot by Kevin Hayes.
13:44 of 3rd period - Stopped by Vitek Vanecek without a rebound.
13:45 of 3rd period - Christian Dvorak wins face-off versus Ryan Johansen in CALGARY FIREMEN zone.
13:45 of 3rd period - Alexander Steen is hit by Markus Nutivaara and loses puck.
13:56 of 3rd period - Shot by Christian Dvorak.
13:56 of 3rd period - Stopped by Vitek Vanecek without a rebound.
13:57 of 3rd period - Adam Henrique wins face-off versus David Backes in CALGARY FIREMEN zone.
13:57 of 3rd period - Adam Henrique is hit by David Backes.
14:26 of 3rd period - Shot by Alexander Steen.
14:26 of 3rd period - Shot Blocked by Sami Vatanen.
14:28 of 3rd period - Shot by Nicholas Shore.
14:28 of 3rd period - Shot Misses the Net.
14:47 of 3rd period - Icing by Adam Henrique.
14:48 of 3rd period - Adam Henrique wins face-off versus Andrew Copp in CALGARY FIREMEN zone.
15:27 of 3rd period - Shot by T.J. Oshie.
15:27 of 3rd period - Shot Blocked by Jake McCabe.
15:29 of 3rd period - Shot by Teuvo Teravainen.
15:29 of 3rd period - Shot Misses the Net.
16:22 of 3rd period - Shot by Sonny Milano.
16:22 of 3rd period - Stopped by Corey Crawford with a rebound.
16:52 of 3rd period - Shot by Sami Vatanen.
16:52 of 3rd period - Stopped by Corey Crawford without a rebound.
16:53 of 3rd period - Jordan Greenway wins face-off versus Adam Henrique in PHOENIX MUSTANGS zone.
16:53 of 3rd period - Jordan Greenway is hit by Adam Henrique.
17:00 of 3rd period - Shot by Jordan Greenway.
17:00 of 3rd period - Shot Hit the Post.
17:02 of 3rd period - Shot by Alexander Steen.
17:02 of 3rd period - Stopped by Vitek Vanecek with a rebound.
17:21 of 3rd period - Christian Dvorak is hit by Jake McCabe.
17:43 of 3rd period - Teuvo Teravainen is hit by Filip Forsberg and loses puck.
18:02 of 3rd period - Shot by Andrew Copp.
18:02 of 3rd period - Shot Blocked by Markus Nutivaara.
18:08 of 3rd period - Shot by Andrew Copp.
18:08 of 3rd period - Goal by Andrew Copp - PHOENIX MUSTANGS : 4 - CALGARY FIREMEN : 3.
18:09 of 3rd period - Ryan Johansen wins face-off versus David Backes in neutral zone.
18:49 of 3rd period - Brendan Gallagher is hit by Calvin De Haan and loses puck.
19:16 of 3rd period - Shot by Andrew Copp.
19:16 of 3rd period - Stopped by Vitek Vanecek with a rebound.
19:20 of 3rd period - Shot by T.J. Oshie.
19:20 of 3rd period - Shot Misses the Net.
19:22 of 3rd period - Shot by Teuvo Teravainen.
19:22 of 3rd period - Stopped by Vitek Vanecek without a rebound.
19:23 of 3rd period - Andrew Copp wins face-off versus Adam Henrique in CALGARY FIREMEN zone.
19:30 of 3rd period - Shot by T.J. Oshie.
19:30 of 3rd period - Shot Misses the Net.
Goals for this period are 4 for PHOENIX MUSTANGS vs 2 for CALGARY FIREMEN.
Shots for this period are 16 for PHOENIX MUSTANGS vs 15 for CALGARY FIREMEN.


JOHNNY
GAUDREAU
MATTHEW
BOLDY
OWEN
TIPPETT

EAST COAST

HOCKEY LEAGUE

  • 29.PIT6MAN7
  • 30.ATL6NHW2
  • 31.WOR4PET3
  • 32.3RHI4
  • 33.CHIQUE
  • 34.LIMCHA
  • 35.LONTRV
  • 36.BALCHW